 Dungeon Crawl Stone Soup version 0.19-a0-628-g9200b3b (webtiles) character file.

10526 Ijustatesigmund the Slicer (level 11, -2/77 HPs)
             Began as a Halfling Hunter on June 13, 2016.
             Was a High Priest of Okawaru.
             Slain by a hill giant
             ... wielding a +0 giant spiked club
              (29 damage)
             ... on level 10 of the Dungeon.
             The game lasted 00:33:12 (11452 turns).

Ijustatesigmund the Slicer (Halfling Hunter)       Turns: 11452, Time: 00:33:12

Health: -2/77      AC: 24    Str: 14    XL:     11   Next: 94%
Magic:  13/15      EV: 16    Int: 10    God:    Okawaru [*****.]
Gold:   470        SH:  0    Dex: 22    Spells: 0 memorised, 10 levels left

rFire  + . .     SeeInvis .     r - +4 rapier "Komar" {flame, Dex+3}
rCold  . . .     Gourm    .     b - +2 chain mail {MR+}
rNeg   . . .     Faith    .     (shield restricted)
rPois  .         Spirit   .     c - +1 helmet
rElec  .         Dismiss  .     A - +0 cloak
rCorr  .         Reflect  .     C - +0 pair of gloves
SustAt .         Harm     .     (no boots)
MR     +....     Clarity  +     (no amulet)
Stlth  +.........               i - +4 ring of protection
                                k - ring of protection from fire

@: heroism, somewhat resistant to hostile enchantments, very unstealthy
A: clarity, mutation resistance 1, strong 1
a: Heroism, Finesse, Renounce Religion


You were on level 10 of the Dungeon.
You worshipped Okawaru.
Okawaru was extremely pleased with you.
You were not hungry.

You visited 2 branches of the dungeon, and saw 11 of its levels.

You collected 536 gold pieces.
You spent 66 gold pieces at shops.

Inventory:

Hand Weapons
 a - a +1 hunting sling
 o - a +3 short sword of venom
 p - a +1 dagger of speed
 r - the +4 rapier "Komar" (weapon) {flame, Dex+3}
   (You acquired it on level 8 of the Dungeon)

   It has been specially enchanted to burn those struck by it, causing extra
   injury to most foes and up to half again as much damage against particularly
   susceptible opponents.
   It affects your dexterity (+3).
Missiles
 d - 109 sling bullets
 e - 264 stones (quivered)
Armour
 b - a +2 chain mail of magic resistance (worn)
 c - a +1 helmet (worn)
 A - a +0 cloak (worn)
 C - a +0 pair of gloves (worn)
Jewellery
 i - a +4 ring of protection (right hand)
 k - a ring of protection from fire (left hand)
 n - an uncursed ring of flight
 u - an uncursed ring of stealth
Wands
 y - a wand of digging (24/24)
 F - a wand of teleportation (3/9)
Scrolls
 j - a scroll of fog
 l - 4 scrolls of remove curse
 m - a scroll of amnesia
 w - a scroll of immolation
 x - a scroll of blinking
 z - 2 scrolls of magic mapping
 E - 5 scrolls of identify
 G - a scroll of fear
Potions
 h - a potion of lignification
 q - 2 potions of flight
 s - 2 potions of invisibility
 v - 2 potions of curing
 B - 2 potions of might
Comestibles
 f - 4 bread rations
 g - 5 meat rations
 t - a chunk of flesh
 D - 9 royal jellies


   Skills:
 - Level 8.2(13.2) Fighting
 + Level 12.6(17.6) Short Blades
 - Level 11.4(16.4) Slings
 + Level 7.6(12.6) Armour
 + Level 6.0(11.0) Dodging
 - Level 1.1(6.1) Stealth
 - Level 5.5 Invocations


You had 10 spell levels left.
You didn't know any spells.

Dungeon Overview and Level Annotations

Branches:
Dungeon (10/15)            Temple (1/1) D:5            Lair (0/6) D:8
    Orc: D:9-12

Altars:
Ashenzari
Cheibriados
Dithmenos
Elyvilon
Fedhas
Gozag
Hepliaklqana
Kikubaaqudgha
Makhleb
Nemelex Xobeh
Okawaru
Pakellas
Qazlal
Ru
Sif Muna
Trog
Uskayaw
Vehumet
Xom
Yredelemnul
Zin
The Shining One

Shops:
D:4 (}


Innate Abilities, Weirdness & Mutations

You are small and have problems with some larger weapons.
You are somewhat resistant to further mutation.
You possess an exceptional clarity of mind.
Your muscles are strong. (Str +2)


Message History

No target in view!
No target in view!
No target in view!
There is an open door here.
You gain the combat prowess of a mighty hero.
The hill giant hits you with a giant spiked club!
Your chain mail prevents you from hitting the hill giant.
You puncture the hill giant! You burn the hill giant.
The hill giant is moderately wounded.
You puncture the hill giant! You burn the hill giant.
The hill giant is moderately wounded.
The hill giant hits you with a giant spiked club!!
You hit the hill giant. You burn the hill giant.
The hill giant is heavily wounded.
You puncture the hill giant! You burn the hill giant.
The hill giant is severely wounded.
Your chain mail prevents you from hitting the hill giant.
The hill giant is severely wounded.
The hill giant hits you with a giant spiked club!!
You die...

..((...≈>...........
...................
..................
#...............#. #
+..((.............
#.$ #..(.#
#..........
.....####..).#
#..........
#..).'(...#
≈........#.
###.##@C..#≈≈C......
#. #)#'#≈≈≈.≈.....
##+#.#.≈≈≈≈.≈.....
#....#.≈≈≈≈.≈.....
#....#.≈≈≈≈.≈.....
#....#.≈....≈........
#....#.#.≈≈≈≈........
#....#.#.≈≈≈#....##..
#..).#...........##..


You could see a hill giant.

Vanquished Creatures
  Erolcha (D:8)
  Pikel (D:8)
  Maurice (D:8)
  Joseph (D:7)
  2 komodo dragons (D:8)
  A troll (D:9)
  Prince Ribbit (D:5)
  The ghost of Amnesiac the Digger, an amateur DEEE of Dithmenos (D:4)
  A wyvern (D:8)
  13 yaks
  3 hippogriffs
  A mottled dragon (D:8)
  A water moccasin (D:9)
  3 slaves (D:8)
  3 orc warriors
  2 sky beasts
  A black bear (D:6)
  4 ice beasts
  2 phantoms (D:4)
  2 centaurs
  An ogre (D:7)
  2 crocodiles (D:8)
  3 big kobolds
  7 giant frogs
  A gnoll sergeant (D:7)
  A water moccasin zombie (D:5)
  16 wights
  4 killer bees (D:9)
  2 electric eels (D:10)
  A howler monkey (D:5)
  3 crimson imps
  A quasit (D:10)
  A centaur zombie (D:9)
  2 giant frog skeletons
  6 jellies
  A hound (D:4)
  5 orc priests
  8 orc wizards
  3 centaur skeletons
  5 iguanas
  13 worker ants
  A hound skeleton (D:5)
  A howler monkey zombie (D:6)
  9 gnolls
  9 adders
  7 shadow imps
  6 oozes
  2 adder zombies
  3 adder skeletons
  2 worms (D:2)
  A dart slug (D:2)
  9 giant geckos
  37 orcs
  2 ball pythons (D:4)
  5 giant cockroaches
  10 goblins
  4 hobgoblins
  3 jackals (D:5)
  23 kobolds
  7 quokkas
  7 bats
  3 giant gecko skeletons
  4 giant newts
  6 rats
292 creatures vanquished.

Vanquished Creatures (others)
  A crimson imp (D:8)
  An orc wizard (D:8)
  An orc priest (D:8)
  A worker ant (D:8)
  2 orcs (D:8)
  2 kobolds (D:10)
8 creatures vanquished.

Grand Total: 300 creatures vanquished

Notes
Turn   | Place    | Note
--------------------------------------------------------------
     0 | D:1      | Ijustatesigmund the Halfling Hunter began the quest for the Orb.
     0 | D:1      | Reached XP level 1. HP: 14/14 MP: 1/1
   180 | D:1      | Reached skill level 1 in Short Blades
   297 | D:1      | Reached XP level 2. HP: 19/19 MP: 2/2
   535 | D:1      | Reached skill level 2 in Short Blades
   694 | D:1      | Reached XP level 3. HP: 24/24 MP: 3/3
   970 | D:2      | Found an oddly glowing altar of Pakellas.
  1114 | D:2      | Reached XP level 4. HP: 23/30 MP: 4/4
  1257 | D:2      | Found a shattered altar of Ashenzari.
  1378 | D:2      | Reached skill level 3 in Short Blades
  1826 | D:3      | Reached XP level 5. HP: 13/35 MP: 5/5
  1830 | D:3      | Gained mutation: Your muscles are strong. (Str +2) [potion of beneficial mutation]
  1854 | D:4      | Found Asusk's Antique Weapon Emporium.
  2149 | D:4      | Bought a glowing short sword for 66 gold pieces
  2497 | D:3      | Found a sacrificial altar of Ru.
  2675 | D:4      | Noticed a phantom
  2689 | D:4      | Killed a phantom
  2689 | D:4      | Reached XP level 6. HP: 38/41 MP: 6/6
  2695 | D:4      | Noticed a phantom
  2700 | D:4      | Found Sicolegih's Gadget Shoppe.
  2752 | D:4      | Killed a phantom
  2752 | D:4      | Reached skill level 5 in Dodging
  2925 | D:4      | Reached XP level 7. HP: 42/45 MP: 7/7
  3118 | D:4      | Reached skill level 1 in Armour
  3188 | D:4      | Noticed Amnesiac's ghost (amateur DEEE)
  3218 | D:5      | Entered Level 5 of the Dungeon
  3421 | D:5      | Gained mutation: You possess an exceptional clarity of mind. [potion of beneficial mutation]
  3441 | D:5      | Noticed Prince Ribbit
  4057 | D:5      | Found a staircase to the Ecumenical Temple.
  4065 | D:5      | Found a glowing silver altar of Zin.
  4139 | Temple   | Entered the Ecumenical Temple
  4367 | Temple   | Became a worshipper of Warmaster Okawaru
  4573 | D:5      | HP: 1/45 [Prince Ribbit (3)]
  4576 | D:5      | Killed Prince Ribbit
  4576 | D:5      | Reached skill level 5 in Armour
  4576 | D:5      | Reached XP level 8. HP: 24/51 MP: 8/8
  5212 | D:4      | Reached skill level 4 in Short Blades
  5419 | D:4      | Killed Amnesiac's ghost
  5419 | D:4      | Reached * piety under Okawaru
  5540 | D:5      | Reached skill level 5 in Short Blades
  5836 | D:6      | Reached XP level 9. HP: 59/59 MP: 9/9
  5886 | D:6      | Reached skill level 6 in Short Blades
  6154 | D:6      | Reached skill level 5 in Fighting
  6269 | D:6      | Found an ancient bone altar of Kikubaaqudgha.
  6363 | D:6      | Found a shadowy altar of Dithmenos.
  6460 | D:6      | Reached skill level 7 in Short Blades
  6631 | D:7      | Found a hide-covered altar of Uskayaw.
  6804 | D:8      | Reached ** piety under Okawaru
  7115 | D:7      | Reached skill level 5 in Invocations
  7304 | D:7      | Noticed Joseph
  7324 | D:7      | Killed Joseph
  7324 | D:7      | Reached skill level 8 in Short Blades
  7324 | D:7      | Reached XP level 10. HP: 66/66 MP: 12/14
  7559 | D:7      | Reached skill level 9 in Short Blades
  7861 | D:8      | Noticed Erolcha
  7880 | D:8      | Paralysed by something for 7 turns
  7890 | D:8      | Killed Erolcha
  7890 | D:8      | Reached skill level 11 in Short Blades
  8068 | D:8      | Noticed Pikel
  8117 | D:8      | Killed Pikel
  8117 | D:8      | Reached *** piety under Okawaru
  8122 | D:8      | Noticed Maurice
  8136 | D:8      | Killed Maurice
  8136 | D:8      | Reached skill level 12 in Short Blades
  8216 | D:8      | Found a snail-covered altar of Cheibriados.
  8568 | D:8      | Identified a scroll of acquirement
  8571 | D:8      | Got a slimy rapier
  8572 | D:8      | Identified the +4 rapier "Komar" {flame, Dex+3} (You acquired it on level 8 of the Dungeon)
  8624 | D:8      | Noticed a komodo dragon
  8642 | D:8      | Killed a komodo dragon
  8863 | D:8      | Reached XP level 11. HP: 53/72 MP: 15/15
  8878 | D:8      | Reached **** piety under Okawaru
  8879 | D:8      | Found a staircase to the Lair.
  9285 | D:8      | Found a hazy altar of Hepliaklqana.
  9637 | D:9      | Found a shimmering altar of Xom.
  9638 | D:9      | Found a white marble altar of Elyvilon.
  9793 | D:9      | Reached skill level 10 in Slings
  9946 | D:10     | Entered Level 10 of the Dungeon
 10064 | D:8      | Reached ***** piety under Okawaru
 10295 | D:9      | Received a gift from Okawaru
 10831 | D:10     | Noticed a hill giant
 11120 | D:10     | Received a gift from Okawaru
 11452 | D:10     | Slain by a hill giant

Vault maps used:
D:1:      ncdulo_lavacross
D:2:      marbit_many_paths, first_bread, grunt_pakellas_basics
D:3:      nicolae_ru_path_of_blood
D:4:      serial_shops, shop, nicolae_shop_statue_plus
D:5:      nicolae_overflow_crystal_walls, minmay_temple_entry_glassed_door,
          feat_on_display, uniq_prince_ribbit1
D:6:      kiku_gazebo_garden_becter, kennysheep_little_box,
          kennysheep_generic_room_13
D:7:      lemuel_upstairs_altar, lemuel_doored_altar, uniq_joseph
D:8:      kennysheep_mini, overflow_temple_1_default, erik_lair_dragon,
          uniq_maurice, uniq_erolcha, uniq_pikel
D:9:      gammafunk_temple_overflow_statue, hangedman_little_slice_of_home,
          nicolae_underground_beach
D:10:     hangedman_cross_veins, grunt_gozag_statues
Temple:   minmay_temple_forest_path_12

Skill      XL: |  1  2  3  4  5  6  7  8  9 10 11 |
---------------+----------------------------------+-----
Short Blades   | 1 2 3 5 8 12 | 12.6
Fighting       | 2 4 5 6 8 |  8.2
Slings         | 6 8 11 | 11.4
Dodging        | 4 5 6 |  6.0
Armour         | 5 6 7 |  7.6
Invocations    | 5 |  5.5
Stealth        | |  1.1

Action                   |  1- 3 |  4- 6 |  7- 9 | 10-12 || total
-------------------------+-------+-------+-------+-------++-------
Melee: Short sword       |       |    50 |   464 |   139 ||   653
       Rapier            |       |       |       |   551 ||   551
       Punch             |       |       |       |     5 ||     5
 Fire: Hunting sling     |   130 |    79 |     7 |    46 ||   262
Invok: Heroism           |       |       |     3 |     8 ||    11
  Use: Scroll            |     8 |     3 |     8 |     5 ||    24
       Potion            |       |     3 |     4 |     4 ||    11
  Eat: Fruit             |       |     2 |     3 |       ||     5
       Chunk             |       |     2 |    10 |     2 ||    14
       Beef jerky        |       |     2 |       |     1 ||     3
       Pizza             |       |       |     1 |     2 ||     3
       Bread ration      |       |       |       |     1 ||     1
       Royal jelly       |       |       |       |     2 ||     2
Armor: Leather armour    |     1 |       |       |       ||     1
       Scale mail        |    13 |    18 |       |       ||    31
       Chain mail        |       |     3 |   208 |   253 ||   464
Dodge: Dodged            |    28 |    46 |   218 |   347 ||   639
